Cogmind - Beta 9.4 @@@ ROGUE MODE // 2020.01.15 @ 00:53:06 // Winter2019/RPGLIKE Player: PyroDawn Result: Destroyed by as-38652 with Assembled Maul Performance ------------- Evolutions (0) 0 Regions Visited (3) 600 Robots Destroyed (26) 130 Value Destroyed (694) 694 Prototype IDs (8) 160 Alien Tech Used (0) 0 Bonus (148) 148 TOTAL SCORE: 1732 Bonus ------- Aligned with FarCom 300 Friendly Fire -152 Cogmind --------- Core Integrity 0/600 Matter 210/300 Energy 80/100 System Corruption 0% Temperature Cool (0) Movement Core (50) Location -10/Exiles Parts ------- > --- POWER (1) -------- (None) > --- PROPULSION (1) --- (None) > --- UTILITY (2) ------ Modified TNC System Purifier > --- WEAPON (2) ------- Mini Grenade Launcher Longsword +1 > --- INVENTORY (0) ---- (None) Peak State ------------ > --- POWER ------------ Light Deuterium Engine > --- PROPULSION ------- Flight Unit > --- UTILITY ---------- Modified TNC Trap Reconfigurator > --- WEAPON ----------- Mini Grenade Launcher Longsword +1 > --- INVENTORY -------- (None) [Rating: 29] Favorites ----------- Power Light Deuterium Engine Engine Light Deuterium Engine Propulsion Flight Unit Flight Unit Flight Unit Utility Signal Interpreter Device Sensor Array Processor Signal Interpreter Weapon Hammer Ballistic Gun Assault Rifle Launcher Mini Grenade Launcher Special Weapon Mining Laser Impact Weapon Hammer Slashing Weapon Longsword +1 Build | -11 -10 -10 -10 ------- Run | Scr Mat Min Exi Slots Evolved 2 | 2 . . . Power . | . . . . Propulsion . | . . . . Utility 1 | 1 . . . Weapon 1 | 1 . . . Parts Attached 23 | 2 8 5 8 Power 2 | . 1 1 . Engine 2 | . 1 1 . Core . | . . . . Reactor . | . . . . Propulsion 1 | . . 1 . Treads . | . . . . Leg . | . . . . Wheel . | . . . . Hover . | . . . . Flight 1 | . . 1 . Utility 9 | . 2 1 6 Device 7 | . 1 1 5 Storage . | . . . . Processor 2 | . 1 . 1 Hackware . | . . . . Protection . | . . . . Artifact . | . . . . Weapon 11 | 2 5 2 2 Energy Gun . | . . . . Energy Cannon . | . . . . Ballistic Gun 3 | 2 1 . . Ballistic Cannon . | . . . . Launcher 2 | . . 2 . Special Weapon 2 | . 2 . . Impact Weapon 2 | . 2 . . Slashing Weapon 2 | . . . 2 Piercing Weapon . | . . . . Special Melee Weapon . | . . . . Unidentified Prototypes 5 | . . 1 4 Parts Lost 3 | . 1 . 2 Power 1 | . . . 1 Propulsion 1 | . . . 1 Utility . | . . . . Weapon 1 | . 1 . . Highest Loss Streak 2 | . 1 . 2 Average Slot Usage (%) 85 | . 70 98 97 Engine 14 | . 12 16 15 Flight 8 | . . 14 15 Device 14 | . 15 16 13 Processor 12 | . 8 16 17 Ballistic Gun 1 | . 4 . . Launcher 7 | . . 10 16 Special Weapon 7 | . 13 4 . Impact Weapon 12 | . 13 16 7 Slashing Weapon 2 | . . . 8 Naked Turns . | . . . . Heaviest Build 11 | 3 7 11 10 Greatest Support 14 | 8 13 14 14 Greatest Overweight (x) . | . . . . Average Overweight (x) . | . . . . Largest Inventory Capacity . | . . . . Average Capacity . | . . . . Most Carried . | . . . . Average Carried . | . . . . Final Capacity . | . . . . Final Carried . | . . . . Class Distribution -------------------- 97% | Mutant Dominant Class ---------------- Mutant | -10/Materials Mutant | -10/Mines Mutant | -10/Exiles Resources | -11 -10 -10 -10 ----------- Run | Scr Mat Min Exi Matter Collected 384 | 220 104 60 . Remotely . | . . . . Salvage Created 921 | . 664 230 27 Parts 51 | . 29 6 16 Haulers Intercepted 2 | . 2 . . Recyclers Shooed . | . . . . Parts Field Recycled . | . . . . Retrieved Matter . | . . . . Parts Self-Destructed . | . . . . Prevented . | . . . . Kills | -11 -10 -10 -10 ------- Run | Scr Mat Min Exi Combat Hostiles Destroyed 18 | . 12 6 . Melee 9 | . 5 4 . Guns 2 | . 2 . . Classes Destroyed 6 | . 5 1 . Hauler 2 | . 2 . . Recycler 1 | . 1 . . Operator 1 | . 1 . . Watcher 3 | . 3 . . Swarmer 3 | . . 3 . Grunt 14 | . 12 2 . Best Kill Streak 4 | . 4 3 1 Combat Bots Only 3 | . 3 3 . Max Kills in Single Turn 1 | . 1 1 1 Gunslinging . | . . . . Exploded . | . . . . Melee 1 | . 1 1 . Uniques/NPCs Destroyed 2 | . . 1 1 YI-UF0 (-10/Mines) EX-BIN (-10/Exiles) Combat | -11 -10 -10 -10 -------- Run | Scr Mat Min Exi Damage Taken 1597 | . 682 467 448 Core 1317 | . 576 372 369 Absorbed by Shields . | . . . . Redirected to Core 959 | . 352 308 299 Core Remaining (%) 100 | 100 . . . Volleys Fired 9 | . 5 2 2 Largest 2 | . 2 1 1 Hottest 100 | . 100 100 30 Shots Fired 13 | . 9 2 2 Gun 8 | . 8 . . Cannon . | . . . . Launcher 3 | . . 1 2 Special 2 | . 1 1 . Kinetic 8 | . 8 . . Thermal 2 | . 1 1 . Explosive 3 | . . 1 2 Electromagnetic . | . . . . Robot Hit Streak 6 | . 4 5 6 Robot Miss Streak 1 | . 1 . 1 Penetration Max . | . . . . Secondary Targets . | . . . . Shots Hit Robots 116 | . 71 42 3 Core Hits 37 | . 20 16 1 Critical Hits . | . . . . Critical Kills . | . . . . Critical Parts Destroyed . | . . . . Melee Attacks 119 | . 73 44 2 Impact 117 | . 73 44 . Slashing 2 | . . . 2 Piercing . | . . . . Sneak Attacks 5 | . 4 . 1 Combat Hostiles 1 | . 1 . . Follow-up Attacks . | . . . . Damage Inflicted 3487 | . 1446 1641 400 Guns 87 | . 87 . . Cannons . | . . . . Explosions 299 | . . 185 114 Melee 3077 | . 1335 1456 286 Ramming . | . . . . Kinetic 87 | . 87 . . Thermal 24 | . 24 . . Explosive 299 | . . 185 114 Electromagnetic . | . . . . Impact 2791 | . 1335 1456 . Slashing 286 | . . . 286 Piercing . | . . . . Highest Corruption . | . . . . Average Corruption . | . . . . Corruption Purged . | . . . . Overload Shots . | . . . . Overflow Damage 468 | . 224 232 12 Projectiles . | . . . . Explosions . | . . . . Melee 468 | . 224 232 12 Knockbacks 12 | . 9 3 . Impact 8 | . 6 2 . Kinetic . | . . . . Secondary 4 | . 3 1 . Self-Inflicted Damage 39 | . . 39 . Shots 1 | . . 1 . Rammed . | . . . . Targets Rammed . | . . . . Kicked . | . . . . Crushed . | . . . . Highest Temperature 20 | . 20 20 . Average Temperature 12 | . 12 12 . Received Heat Transfer 504 | . 417 87 . Siege Activations . | . . . . Robots Corrupted . | . . . . Combat Hostiles . | . . . . Parts Fried 11 | . 10 1 . Impact Corruptions 22 | . 13 9 . Robots Melted . | . . . . Combat Hostiles . | . . . . Parts Melted . | . . . . Heat Transferred 50 | . 50 . . Parts Sabotaged . | . . . . Parts Stolen . | . . . . Parts Stripped . | . . . . Power Chain Reactions . | . . . . Missiles Intercepted . | . . . . Alert | -11 -10 -10 -10 ------- Run | Scr Mat Min Exi Peak Influence 329 | . 329 137 . Average Influence 139 | . 181 75 . Maximum Alert Level 1 | . 1 . . Low Security (%) 72 | 100 55 100 . Level 1 27 | . 44 . . Level 2 . | . . . . Level 3 . | . . . . Level 4 . | . . . . Level 5 . | . . . . High Security . | . . . . Max Security . | . . . . Squads Dispatched 3 | . 3 . . Investigation 2 | . 2 . . Extermination . | . . . . Reinforcement 1 | . 1 . . Assault . | . . . . Garrison . | . . . . Intercept . | . . . . Construction Impeded . | . . . . Haulers Reinforced . | . . . . Stealth | -11 -10 -10 -10 --------- Run | Scr Mat Min Exi Distress Signals 2 | . 2 . . Communications Jammed . | . . . . Distress Signals . | . . . . Times Spotted 40 | . 21 6 13 Peak Tracking Total 12 | . 4 3 12 Tactical Retreats 4 | . 3 . 1 Traps | -11 -10 -10 -10 ------- Run | Scr Mat Min Exi Traps Triggered 1 | . 1 . . Indirectly . | . . . . Trap Hack Attempts . | . . . . Triggered . | . . . . Disarmed . | . . . . Reprogrammed . | . . . . Reused . | . . . . Traps Extracted . | . . . . Installed 4 | . . 4 . Triggered . | . . . . Machines | -11 -10 -10 -10 ---------- Run | Scr Mat Min Exi Machines Disabled 2 | . . . 2 Max in Single Turn 2 | . . . 2 Machines Sabotaged 1 | . 1 . . Garrisons Compromised . | . . . . Overloaded Fab Kills . | . . . . Fab Network Shutdowns . | . . . . Hacking | -11 -10 -10 -10 --------- Run | Scr Mat Min Exi Machines Accessed 13 | . 10 . 3 Terminals 7 | . 7 . . Fabricators . | . . . . Repair Stations 1 | . 1 . . Recycling Units 2 | . 2 . . Scanalyzers . | . . . . Garrison Access . | . . . . Total Hacks 91 | . 51 . 40 Successful 72 | . 32 . 40 Failed 19 | . 19 . . Catastrophic 1 | . 1 . . Database Lockouts . | . . . . Manual 42 | . 41 . 1 Terminals 40 | . 40 . . Fabricators . | . . . . Repair Stations 1 | . 1 . . Recycling Units 10 | . 10 . . Scanalyzers . | . . . . Garrison Access . | . . . . Terminal Hacks 51 | . 11 . 40 Record 40 | . . . 40 Part Schematic 1 | . 1 . . Prototype ID Bank 1 | . 1 . . Terminal Index 1 | . 1 . . Alert Level 1 | . 1 . . Unreport Threat 3 | . 3 . . Locate Traps 1 | . 1 . . Hauler Manifests 1 | . 1 . . Registered Components 1 | . 1 . . Registered Prototypes 1 | . 1 . . Fabricator Hacks . | . . . . Repair Station Hacks . | . . . . Recycling Unit Hacks 2 | . 2 . . Report Inventory 2 | . 2 . . Scanalyzer . | . . . . Garrison Access Hacks . | . . . . Unauthorized Hacks 50 | . 50 . . Terminals 12 | . 12 . . Track 3 | . 3 . . Botnet 6 | . 6 . . Disrupt 1 | . 1 . . Operators 1 | . 1 . . Sabotage 1 | . 1 . . Fabricators . | . . . . Repair Stations 1 | . 1 . . Mechanics 1 | . 1 . . Recycling Units 6 | . 6 . . Monitor 1 | . 1 . . Reject 2 | . 2 . . Recyclers 2 | . 2 . . Mask 1 | . 1 . . Scanalyzers . | . . . . Garrison Access . | . . . . Data Cores Recovered . | . . . . Used . | . . . . Hacking Detections 9 | . 9 . . Full Trace Events 1 | . 1 . . Feedback Events . | . . . . Feedback Blocked . | . . . . Robot Schematics Acquired . | . . . . Robots Built . | . . . . Matter . | . . . . Time . | . . . . Total Robot Build Rating . | . . . . Part Schematics Acquired 1 | . 1 . . Parts Built . | . . . . Matter . | . . . . Time . | . . . . Total Part Build Rating . | . . . . Parts Repaired . | . . . . Time . | . . . . Parts Recycled . | . . . . Recycled Matter . | . . . . Retrieved Matter . | . . . . Retrieved Components . | . . . . Parts Scanalyzed . | . . . . Part Schematics Acquired . | . . . . Parts Damaged . | . . . . Bothacking | -11 -10 -10 -10 ------------ Run | Scr Mat Min Exi Used RIF Installer . | . . . . Robots Hacked . | . . . . Non-combat . | . . . . Combat . | . . . . Robot Hacks Applied . | . . . . Relay Couplers Released . | . . . . Robots Rewired . | . . . . Allies Hacked . | . . . . Hacks Repelled . | . . . . Allies | -11 -10 -10 -10 -------- Run | Scr Mat Min Exi Total Allies . | . . . . Largest Group . | . . . . Highest-Rated Group . | . . . . Highest-Rated Ally . | . . . . Total Orders . | . . . . Ally Attacks . | . . . . Total Damage . | . . . . Kills . | . . . . Allies Corrupted . | . . . . Allies Melted . | . . . . Intel | -11 -10 -10 -10 ------- Run | Scr Mat Min Exi Robot Analysis Total . | . . . . Derelict Logs Recovered 1 | . . 1 . Drone Launches . | . . . . Drone Recoveries . | . . . . Exploration | -11 -10 -10 -10 ------------- Run | Scr Mat Min Exi Turns Passed 1897 | 18 843 519 517 Spaces Moved 3269 | 30 1155 856 1228 Core 1220 | 30 1155 12 23 Treads . | . . . . Legs . | . . . . Wheels . | . . . . Hover . | . . . . Flight 2049 | . . 844 1205 Fastest Speed 40 | 50 50 40 40 Average Speed 43 | 50 50 40 40 Slowest Speed 50 | 50 50 50 50 Overloaded Moves . | . . . . Propulsion Burnouts . | . . . . Robots Hopped 13 | . . 13 . Cave-ins Triggered . | . . . . Exploration Rate (%) 73 | 4 98 99 94 Regions Visited 3 Branch Regions 2 Pre-discovered Areas 1 | . . . 1 Known Exits Taken 2 | . 1 1 . Unknown Exits Taken 1 | 1 . . . Scrap Searched 1 | . . 1 . Spaces Dug 1 | . . 1 . Terrain Destroyed 18 | . . 16 2 Melee . | . . . . Projectile 1 | . . 1 . AOE 17 | . . 15 2 Actions | -11 -10 -10 -10 --------- Run | Scr Mat Min Exi Total 3523 | 31 1297 947 1248 Wait 55 | . 32 23 . Move 3248 | 29 1154 837 1228 Hop 5 | . . 5 . Pick Up . | . . . . Fast Attach 21 | 2 7 4 8 Attach . | . . . . Detach . | . . . . Swap 2 | . 1 1 . Drop 16 | . 4 4 8 Fire 9 | . 5 2 2 Melee 119 | . 73 44 2 Ram . | . . . . Kick . | . . . . Crush . | . . . . Escape Stasis . | . . . . Rewire . | . . . . Trap 4 | . . 4 . Miscellaneous 44 | . 21 23 . Route ------- -11/Scrapyard -10/Materials (discovered 5 exits: *Mat x3 / *Min x2) -10/Mines (discovered 3 exits: *Mat x2 / *Exi) -10/Exiles (discovered 2 exits: *Min x2) History --------- Turn | Location | Event 6 | -11/Scrapyard | Upgraded with Utility slot (x1) 6 | -11/Scrapyard | Upgraded with Weapon slot (x1) 8 | -11/Scrapyard | Discovered new exit (range 15) 19 | -11/Scrapyard | Entered Materials 117 | -10/Materials | Discovered new exit (range 14) 304 | -10/Materials | Build established: Mutant 460 | -10/Materials | Discovered new exit (range 7) 463 | -10/Materials | Identified exit to Materials 489 | -10/Materials | Discovered new exit (range 6) 491 | -10/Materials | Identified exit to Mines 537 | -10/Materials | Discovered exit to Mines (range 16) 616 | -10/Materials | Reached level 2 814 | -10/Materials | Discovered exit to Materials (range 7) 862 | -10/Materials | Entered Mines 865 | -10/Mines | Core integrity fell below 50% 916 | -10/Mines | Assembled infested the area 927 | -10/Mines | Deemed a non-threat by the Exiles lab entrance 927 | -10/Mines | Discovered new exit (range 5) 928 | -10/Mines | Identified exit to Exiles 945 | -10/Mines | Met 8R-AWN 950 | -10/Mines | Found a damaged Exp. Sensor Array with a note attached 952 | -10/Mines | Found Prototype Device 952 | -10/Mines | Identified Exp. Sensor Array 1023 | -10/Mines | Assisted by bots powering up and referring to "LRC-V3" 1064 | -10/Mines | Found a hidden stash of uninstalled traps 1088 | -10/Mines | Discovered exit to Materials (range 8) 1101 | -10/Mines | Discovered exit to Materials (range 5) 1120 | -10/Mines | Reached level 3 1204 | -10/Mines | Destroyed YI-UF0 1381 | -10/Mines | Entered Exiles 1382 | -10/Exiles | Identified exit to Mines 1402 | -10/Exiles | Welcomed by 8R-AWN 1408 | -10/Exiles | Met EX-HEX 1428 | -10/Exiles | Met EX-DEC 1438 | -10/Exiles | Visited The Gauntlet 1503 | -10/Exiles | Learned location of Zion (-7) 1571 | -10/Exiles | Met EX-BIN 1614 | -10/Exiles | Aligned with FarCom system 1615 | -10/Exiles | Given EX-Vault access code 1624 | -10/Exiles | Opened EX-Vault 1626 | -10/Exiles | Found Prototype Slashing Weapon 1626 | -10/Exiles | Identified Longsword +1 1630 | -10/Exiles | Found Prototype Device 1630 | -10/Exiles | Identified Trap Reconfigurator 1633 | -10/Exiles | Found Prototype Processor 1633 | -10/Exiles | Identified Modified TNC 1645 | -10/Exiles | Warned to stay clear of 0b10 Research branches 1795 | -10/Exiles | Learned about 8R-AWN's background 1874 | -10/Exiles | Attacked by the Exiles 1884 | -10/Exiles | Core integrity fell below 20% 1895 | -10/Exiles | Destroyed EX-BIN 1898 | -10/Exiles | Found Prototype Device 1898 | -10/Exiles | Identified System Purifier 1898 | -10/Exiles | Destroyed by as-38652 with Assembled Maul Last Messages --------------- Warlord offered us a place to stay in one of his bases, but the Exiles preferred to stick to their own, not wanting to become some "cog in a war machine." I'm on board with that. 01873_ Sneak attack on A-02 Transporter. 01873_ Destroyed Lgt. Treads. 01874_ EXILES: Hostile robot within lab perimeter. Defensive protocols time, folks! 01877_ Knocked back. 01879_ Machine disabled. 01879_ Lgt. Deuterium Engine destroyed. 01879_ Knocked back. 01881_ Flight Unit destroyed. 01883_ EX-BIN: "I just want to science!" 01895_ Sneak attack on EX-BIN. 01895_ EX-BIN: "You can't kill me, my evil twin will get revenge!" 01895_ EX-BIN destroyed. 01896_ Dropped Trap Reconfigurator. 01898_ Acquired Prototype Device. 01898_ Identified System Purifier. 01898_ Machine disabled. Map ----- +----------------------------------------------------+ | ##????????????????????????????????????????#"""" # | | ##???????????????????????????????????????#""X" | | #???????????????????????????????????????#" | | #???????????????????????????????????????#" # | | ###?????????????????????????????????????#""""""# | | #?????????????????????????????????????##"##### | | ##????????????????????????????????????? "#???? | | #?????????????????????????????????????""" #???? | | ##???????????????????????????????????#""" #???# | | #????????????#######??????????????????"" #???# | | #######??????#!!! "#???????????????????###???# | | #""##?????# "#?????????????????????????# | | #?????# "#?????????????????????????# | | #" ##???## ""#??????????########???????# | | "" #####" ""#??????????# """#???????# | | ### ##" ""#??????????#"" """#???????# | | ??## #"" #????????????#"" #???????? | | ???#"## #????????????#"" #???????? | | ???####### ##???????????#"" "#???????? | | ?????????### "#???????????# ""#???????? | | ???########" ###?????????#"" ""#???????# | | ???# !!""""" ##????????### ###??????## | | ???#! "###"" ############ ###?######" | | ???#! "#?##" """##;##X# #"###"""""" | | ???#! ##??# !!! """""" " " | | ???# !""""""###???#"# @a!! "" """ " | | ???##########?????#### !!%!! " " | | ?????????????????????### !!=a | | ???????????????????????###!! | | ?????????????????????????## a | | ??????????????????????????## a | | ???????????????????????????##" | | ????????????????????????????#""" a "" | | ???????????????????????????##" ### | | ???????????????????????????#"" ""##?? | | ??????????????????????????##""" """##??? | | ??????????????????????????#""" ""##???? | | ??????????????????????????#""" ""#????? | | ??????????????????????????#"" ####### | | ??????????????????????????#"" ## | | ??????????????????????????#" | | ??????????????????????????## | | ???????????????????????????# | | ???????????????????????????# | | ???????????????????????????# " | | ???????????????????????????## "" | | ????????????????????????????#"" ""## | | ????????????????????????????#" """"##? | | ????????????????????????????#""" """#?? | | ????????????????????????????## ""##?? | +----------------------------------------------------+ Best States ------------- Heat Dissipation 25 Energy Generation 14 Energy Capacity 140 Matter Stores 300 Matter Capacity 300 Sight Range 16 Robot Scan Range 42 Terrain Scan Density 10 Resistance: KI 5 Resistance: TH 5 Resistance: EX 20 Evasion (%) 62 Offensive Hacking 10 Defensive Hacking 5 Item Schematics ----------------- Flight Unit | -10/Materials | Hacked Robot Schematics ------------------ None Fabricated ------------ Nothing Alien Tech Used ----------------- None Achievements -------------- None Challenges ------------ None RPGLIKE | -11 -10 -10 -10 --------- Run | Scr Mat Min Exi Levels Raised 2 | . 1 1 . XP Earned 6545 | 3000 2095 1100 350 XP Spent 5775 | 2825 1300 1650 . Upgrades 23 | 15 3 5 . Utility Slot 1 | 1 . . . Weapon Slot 1 | 1 . . . Mass Support 2 | 1 1 . . Sensor Range 6 | 6 . . . Melee Accuracy 4 | 1 1 2 . Hack Attack % 2 | 1 1 . . Hack Defense % 1 | 1 . . . KI Resistance % 1 | 1 . . . TH Resistance % 1 | 1 . . . EX Resistance % 4 | 1 . 3 . Protomatter Created 319 | . 205 114 . Integrity Restored 759 | . 357 402 . Core 706 | . 304 402 . Parts 53 | . 53 . . Protomatter Decayed 145 | . 84 61 . Game ------ Seed HackingHelicalRay Manual? 0 Play Time 00:47:53 Cumulative 453.5 hours Start 2020.01.15 @ 00:01:32 End 2020.01.15 @ 00:53:06 Sessions 1 Manual Loads 0 Difficulty Rogue Special Mode Winter2019/RPGLIKE Game No. 133 Rogue 133 Adventurer 0 Explorer 0 Win Type - Total 1 Types 1/0/0/0/0/0/0 Lore% 69 Gallery% 76 Achievement% 49 Wizard Run 0 Options --------- ASCII 0 Keyboard 0 Movement Arrows Keybinds 0 Fullscreen 1 Font 12/Smallcaps Map View 83x54 Tactical HUD 1 Map Filters NONE Filters NONE Steam 1 RUN: 21930cbf-ed49-4fe5-98d4-63d7c01c8932